 Dungeon Crawl Stone Soup version 0.32-a0-391-gce5c0aab1b (webtiles) character file.

Game seed: 17635508533275341012

6 Ceno the Grasshopper (level 1, 0/16 HPs)
             Began as a Coglin Warper on Feb 19, 2024.
             Slain by a jackal (2 damage)
             ... on level 1 of the Dungeon.
             The game lasted 00:00:32 (113 turns).

Ceno the Grasshopper (Coglin Warper)                 Turns: 113, Time: 00:00:32

Health: 0/16       AC:  3    Str: 11    XL:     1   Next: 90%
Magic:  3/3        EV: 11    Int: 12    God:
Gold:   17         SH:  0    Dex: 13    Spells: 3/3 levels left

rFire   . . .        a - +0 falchion {Agathoclea}
rCold   . . .        (no shield)
rNeg    . . .        b - +0 leather armour
rPois   .            (no helmet)
rElec   .            (no cloak)
rCorr   .            (no gloves)
SInv    .            (no boots)
Will    .....        (no amulet)
Stlth   +            (no ring)
HPRegen 0.22/turn    (no ring)
MPRegen 0.08/turn

%: no passive effects
@: revving, stiff-legged, very slow
A: off-hand wielding, slow wielding, warmup strikes, warmup strides
a: no special abilities


You were on level 1 of the Dungeon.
You visited 1 branch of the dungeon, and saw 1 of its levels.

You collected 17 gold pieces.

Inventory:

Hand Weapons
 a - a +0 falchion (weapon) {Agathoclea}
Missiles
 d - 7 darts of dispersal (quivered)
Armour
 b - a +0 leather armour (worn)
Scrolls
 c - a scroll of blinking


   Skills:
 + Level 2.1 Fighting
 * Level 2.3 Long Blades
 - Level 0.8 Throwing
 - Level 0.8 Armour
 - Level 1.7 Dodging
 - Level 1.7 Spellcasting
 + Level 3.1 Translocations


You had 3 spell levels left.
You didn't know any spells.
Your spell library contained the following spells:

 Spells                   Type           Power      Damage    Failure   Level
 Blink                    Tloc           16%        N/A       16%         2
 Lesser Beckoning         Tloc           16%        N/A       16%         2
 Teleport Other           Tloc           8%         N/A       30%         3
 Manifold Assault         Tloc           8%         N/A       71%         4
 Vhi's Electric Charge    Tloc/Air       8%         N/A       88%         4


Dungeon Overview and Level Annotations

Branches:
Dungeon (1/15)

Altars:


Innate Abilities, Weirdness & Mutations

You can wield a second weapon in your off-hand.
It takes a long time for you to wield or remove held weapons.
Your first few attacks do less damage.
Your first movements take longer.


Message History

The quokka closely misses you.
You barely miss the quokka.
The quokka is moderately wounded.
The quokka barely misses you.
You miss the quokka.
The quokka is moderately wounded.
The quokka closely misses you. The giant cockroach bites you.
The quokka closely misses you.
The jackal barks!
You hit the quokka.
The quokka is heavily wounded.
The giant cockroach bites you but does no damage.
The quokka barely misses you. The jackal misses you.
The giant cockroach barely misses you.
The jackal bites you but does no damage.
The quokka attacks as it pursues you! The quokka bites you.
The jackal bites you but does no damage.
The quokka closely misses you. The jackal attacks as it pursues you!
The jackal barely misses you.
The jackal pauses to sniff the ground.
The jackal misses you. The quokka closely misses you.
The jackal attacks as it pursues you! The jackal closely misses you.
The jackal barely misses you. The jackal attacks as it pursues you!
The jackal bites you.
* * * LOW HITPOINT WARNING * * *
The quokka attacks as it pursues you! The quokka closely misses you.
Found 8 gold pieces.
The quokka attacks as it pursues you! The quokka closely misses you.
The jackal bites you.
* * * LOW HITPOINT WARNING * * *
The jackal bites you but does no damage.
The jackal attacks as it pursues you! The jackal closely misses you.
The quokka closely misses you. The jackal attacks as it pursues you!
The jackal barely misses you. The jackal barely misses you.
A ball python comes into view.
The jackal attacks as it pursues you! The jackal misses you.
You miss the jackal. The jackal bites you.
* * * LOW HITPOINT WARNING * * *
The jackal bites you.
You die...

....# ....### ..S ......#
#.# #.# ......# #.# #.#
#.....###+#.# #.#
#...........## #.##
##...........# #.. .....
.............# #.# ......$
###.#.#####..# #@# ....... #
#......##..# #h# ....... #
##.....'...###r###....... #
###...##..#..hB.......... #
######.......h......#.# #
#######..###........... ##.
.........# #.#...#...###
.....###.#...###.#..........
..... .....................#


You could see a quokka, 2 jackals, a giant cockroach and a ball python (asleep).

Vanquished Creatures
  A jackal (D:1)
  2 quokkas (D:1)
3 creatures vanquished.

Notes
Turn   | Place    | Note
-------+----------+-------------------------------------------
     0 | D:1      | Ceno the Coglin Warper began the quest for the Orb.
     0 | D:1      | Reached XP level 1. HP: 16/16 MP: 3/3
   113 | D:1      | Slain by a jackal

Illustrated notes

Levels and vault maps discovered:
D:1:      dpeg_arrival_pond, layout_basic, wad_floor_pattern_untrapped

Action                     || total
---------------------------++-------
  Melee: Falchion          ||    19
 Armour: Leather armour    ||    17
  Dodge: Dodged            ||    38

Table legend: (Time is in decaauts)
 A = Elapsed time spent in this place.
 B = Non-inter-level travel time spent in this place.
 C = Inter-level travel time spent in this place.
 D = Time resting spent in this place.
 E = Time spent auto-exploring this place.
 F = Levels seen in this place.
 G = Mean time per level.
                   A        B        C        D        E       F      G
               +--------+--------+--------+--------+--------+-----+--------+
         Total |    120 |    120 |      0 |      0 |     69 |   1 |  120.0 |
       Dungeon |    120 |    120 |      0 |      0 |     69 |   1 |  120.0 |
               +--------+--------+--------+--------+--------+-----+--------+

Top non-repeatable levels by time:
     D:1: 120 daAuts
